 Dungeon Crawl Stone Soup version 0.32-a0-675-gdc239d62e1 (webtiles) character file.

Game seed: 9714877004401847133

3186 BubbleThief the Scholar of Death (level 9, 0/75 HPs)
             Began as a Demonspawn Necromancer on Mar 12, 2024.
             Was a Follower of Kikubaaqudgha.
             Slain by a two-headed ogre
             ... wielding a +0 giant spiked club
              (14 damage)
             ... on level 8 of the Dungeon.
             The game lasted 00:21:40 (8474 turns).

BubbleThief the Scholar of Death (DsNe)             Turns: 8474, Time: 00:21:40

Health: 0/75       AC:  5    Str: 13    XL:     9   Next: 64%
Magic:  20/23      EV: 12    Int: 16    God:    Kikubaaqudgha [*.....]
Gold:   154        SH:  0    Dex: 13    Spells: 0/15 levels left

rFire   . . .        E - +5 spear (heavy)
rCold   . . .        (no shield)
rNeg    . . .        a - +0 robe
rPois   .            (helmet restricted)
rElec   .            (no cloak)
rCorr   .            (no gloves)
SInv    .            h - +0 pair of boots
Will    .....        t - amulet of faith
Stlth   ++           s - ring of magical power
HPRegen 0.32/turn    z - +4 ring of slaying
MPRegen 0.36/turn

%: faith
@: no status effects
A: antennae 2, rugged brown scales 2, magic regeneration
a: Renounce Religion, Unearth Wretches


You were on level 8 of the Dungeon.
You worshipped Kikubaaqudgha.
Kikubaaqudgha was aware of your devotion.
You visited 2 branches of the dungeon, and saw 9 of its levels.

You collected 370 gold pieces.
You spent 216 gold pieces at shops.

Inventory:

Hand Weapons
 E - a +5 heavy spear (weapon)
Missiles
 j - a throwing net
Armour
 a - a +0 robe (worn)
 h - a +0 pair of boots (worn)
Jewellery
 s - a ring of magical power (left hand)
 t - an amulet of faith (around neck)
 z - a +4 ring of slaying (right hand)
Wands
 n - a wand of flame (16)
Scrolls
 c - 2 scrolls of teleportation
 k - 5 scrolls of identify {unknown}
 o - 2 scrolls of blinking {unknown}
 v - a scroll of noise {unknown}
 w - a scroll of torment {unknown}
 x - a scroll of summoning {unknown}
 y - 2 scrolls of fear {unknown}
 A - a scroll of revelation {unknown}
 B - a scroll of fog {unknown}
Potions
 b - 4 potions of magic
 d - 4 potions of mutation {unknown}
 e - a potion of might {unknown}
 f - a potion of enlightenment {unknown}
 g - a potion of lignification {unknown}
 i - a potion of berserk rage {unknown}
 l - a potion of degeneration {unknown}
 m - a potion of heal wounds {unknown}
 p - a potion of curing
 q - a potion of resistance {unknown}
 r - 3 potions of brilliance {unknown}
 u - a potion of invisibility {unknown}
 C - a potion of attraction {unknown}
 D - a potion of haste {unknown}


   Skills:
 + Level 7.3 Fighting
 + Level 6.5 Polearms
 - Level 1.7 Dodging
 - Level 1.7 Stealth
 - Level 3.5 Spellcasting
 + Level 10.0 Necromancy


You couldn't memorise any spells.
You knew the following spells:

 Your Spells              Type           Power      Damage    Failure   Level
a - Necrotise             Necr           100%       1d9       1%          1
b - Vampiric Draining     Necr           34%        2d8       1%          3
c - Animate Dead          Necr           34%        N/A       3%          4
d - Sublimation of Blood  Necr           34%        N/A       1%          2
e - Curse of Agony        Necr           34%        N/A       9%          5

Your spell library contained the following spells:

 Spells                   Type           Power      Damage    Failure   Level
 Fugue of the Fallen      Necr           34%        N/A       1%          3
 Kiss of Death            Conj/Necr      72%        2d10      2%          1
 Cigotuvi's Dreadful Rot  Necr/Alch/Air  26%        N/A       7%          2
 Call Imp                 Summ           4%         N/A       26%         2
 Scorch                   Fire           4%         2d5       26%         2
 Tukima's Dance           Hex            2%         N/A       47%         3
 Animate Armour           Summ/Erth      4%         N/A       87%         4
 Dimensional Bullseye     Hex/Tloc       1%         N/A       87%         4
 Flame Wave               Conj/Fire      2%         2d4       87%         4
 Iskenderun's Mystic Bla  Conj/Tloc      2%         2d3       87%         4
 Passage of Golubria      Tloc           2%         N/A       87%         4
 Summon Lightning Spire   Summ/Air       2%         N/A       87%         4
 Lee's Rapid Deconstruct  Erth           1%         3d4*      99%         5
 Yara's Violent Unravell  Hex/Alch       1%         3d3       99%         5
 Summon Cactus Giant      Summ           1%         N/A       100%        6
 Summon Hydra             Summ           1%         N/A       100%        7


Dungeon Overview and Level Annotations

Branches:
Dungeon (8/15)             Temple (1/1) D:5            Lair (0/5) D:8

Altars:
Ashenzari
Cheibriados
Dithmenos
Fedhas
Gozag
Kikubaaqudgha
Makhleb
Nemelex Xobeh
Okawaru
Qazlal
Ru
Sif Muna
Trog
Uskayaw
Vehumet
Xom

Shops:
D:3 !   D:7 (

Annotations:
D:7 2 transporters, 0gre's ghost, novice DsHu
D:8 3 runed translucent doors, KSaturn's ghost, journeyman FoEE


Innate Abilities, Weirdness & Mutations

You have a pair of antennae on your head.
You are mostly covered in rugged brown scales. (AC +2, +5% HP)
You regenerate magic rapidly.


Message History

You enter the shallow water.
Moving in this stuff is going to be slow.
There is a staircase to the Lair here.
A two-headed ogre is nearby!
Unknown command.
Aiming: Throw Flame
Press: ? - help, Shift-Dir - straight line, f - two-headed ogre
Aim: a two-headed ogre, wielding a +0 giant spiked club and a +0 giant club (wandering, hasn't noticed you, 85% to hit)
The puff of flame hits the two-headed ogre.
The two-headed ogre is lightly wounded.
The two-headed ogre shouts in stereo!
Unknown command.
Unknown command.
Found a chain mail.
You are engulfed in a cloud of scalding steam.
Casting: Curse of Agony (dangerous; 9% risk of failure)
Confirm with . or Enter, or press ? or * to list all spells.
You can't see any susceptible monsters within range! (Use Z to cast anyway.)
Casting: Curse of Agony (dangerous; 9% risk of failure)
Confirm with . or Enter, or press ? or * to list all spells.
Aiming: Curse of Agony (dangerous; 9% risk of failure)
Press: ? - help, Shift-Dir - straight line, f/p - two-headed ogre
Aim: a two-headed ogre, wielding a +0 giant spiked club and a +0 giant club (lightly wounded, chance to affect: 69%)
The two-headed ogre is cursed with the promise of agony.
Unknown command.
You reach to attack!
You hit the two-headed ogre.
The two-headed ogre convulses!
The two-headed ogre is heavily wounded.
You puncture the two-headed ogre!
The two-headed ogre convulses!
The two-headed ogre is freed from its curse.
The two-headed ogre is almost dead.
The two-headed ogre hits you with a +0 giant spiked club!!
The two-headed ogre hits you with a +0 giant club!!
* * * LOW HITPOINT WARNING * * *
You are too injured to fight recklessly!
You hit the two-headed ogre but do no damage.
The two-headed ogre is almost dead.
The two-headed ogre hits you with a +0 giant spiked club!
You die...
Kikubaaqudgha rasps: You have failed me!
Welcome... death!

#..~~~~.~~.~..~.....# ##.
#...≈≈~≈~.≈~~~..#.#÷## #.
#~.~~≈≈≈≈~≈≈~...#.#..# #.
#~~~≈≈≈~≈~~~~.....##.#####.
#≈≈≈≈≈.~.~.~~~~.####....#..
#≈≈≈≈~~....~~≈..# ####...#
#≈≈≈÷≈~.>.~.~~~.## ###.[<
≈≈≈≈≈~...O≈≈....# #...#.
~~≈≈~~..~@~≈~...# ######
.~≈≈≈.~...~≈~...#
..≈≈≈...~≈~≈...$%.
..~≈.~~.~≈≈~......+
....~≈†.~≈≈≈~....##
...≈~≈~.~~~≈≈..#.#
~~.≈≈~.~.~≈≈~.#..
.~~~≈~.~.~~...#
~[..~≈...~....#


You could see a two-headed ogre.

Vanquished Creatures
  A troll (D:8)
  A wraith (D:8)
  An ice beast (D:7)
  An orc warrior (D:7)
  2 sky beasts (D:7)
  3 ogres
  2 centaurs
  3 wolves (D:8)
  2 kobold brigands
  A gnoll sergeant (D:7)
  3 scorpions
  4 wights (D:8)
  4 electric eels (D:8)
  2 bombardier beetles
  A jelly (D:5)
  4 orc priests
  5 hounds
  6 iguanas
  2 sleepcaps
  Ijyb (D:3)
  3 orc wizards
  9 gnolls
  13 adders
  A white imp (D:7)
  2 ufetubi (D:6)
  3 dart slugs
  2 ribbon worms
  18 orcs
  5 bats
  5 endoplasms
  6 giant cockroaches
  19 goblins
  7 hobgoblins
  2 jackals (D:2)
  4 quokkas
  7 ball pythons
  19 kobolds
  6 rats
180 creatures vanquished.

Vanquished Creatures (collateral kills)
  A hound (D:7)
  2 orcs
  An endoplasm (D:2)
  3 goblins
  A hobgoblin (D:3)
  A ball python (D:2)
  A rat (D:1)
10 creatures vanquished.

Vanquished Creatures (others)
  A wolf zombie (D:8)
  A centaur zombie (D:7)
  A sky beast zombie (D:7)
  2 hound zombies (D:8)
  A gnoll zombie (D:7)
  An iguana zombie (D:5)
  4 goblin zombies (D:6)
  6 kobold zombies (D:8)
  5 orc zombies
22 creatures vanquished.

Grand Total: 212 creatures vanquished

Notes
Turn   | Place    | Note
-------+----------+-------------------------------------------
     0 | D:1      | BubbleThief the Demonspawn Necromancer began the quest for
                  | the Orb.
     0 | D:1      | Reached XP level 1. HP: 13/13 MP: 3/3
   293 | D:1      | Gained mutation: You have a pair of small antennae on your
                  | head. [demonic ancestry]
   293 | D:1      | Reached XP level 2. HP: 19/19 MP: 3/5
   682 | D:1      | Reached skill level 5 in Necromancy
  1255 | D:2      | Reached XP level 3. HP: 24/24 MP: 2/6
  1335 | D:2      | Found a faded altar of an unknown god.
  1454 | D:2      | Reached XP level 4. HP: 22/30 MP: 1/8
  1709 | D:2      | Reached skill level 6 in Necromancy
  2085 | D:2      | Gained mutation: You regenerate magic rapidly. [demonic
                  | ancestry]
  2085 | D:2      | Reached XP level 5. HP: 28/36 MP: 4/9
  2396 | D:2      | Learned a level 3 spell: Vampiric Draining
  2401 | D:2      | Learned a level 4 spell: Animate Dead
  2451 | D:3      | Found a broken altar of Ashenzari.
  2455 | D:3      | Reached skill level 1 in Fighting
  2480 | D:3      | Noticed Ijyb
  2490 | D:3      | Killed Ijyb
  2491 | D:3      | Reached skill level 1 in Polearms
  2782 | D:3      | Found Zareik's Distillery.
  2795 | D:3      | Bought a potion of curing for 42 gold pieces
  3286 | D:3      | Reached XP level 6. HP: 44/44 MP: 8/11
  4524 | D:5      | Entered Level 5 of the Dungeon
  4533 | D:5      | Gained mutation: You have a pair of antennae on your head.
                  | [demonic ancestry]
  4533 | D:5      | Reached XP level 7. HP: 43/52 MP: 12/12
  4630 | D:5      | Found a staircase to the Ecumenical Temple.
  4658 | D:5      | Reached skill level 7 in Necromancy
  4676 | Temple   | Entered the Ecumenical Temple
  5186 | D:5      | Found a sparkling altar of Nemelex Xobeh.
  5852 | D:6      | Gained mutation: You are partially covered in rugged brown
                  | scales. (AC +1, +3% HP) [demonic ancestry]
  5852 | D:6      | Reached XP level 8. HP: 18/62 MP: 13/13
  6010 | D:6      | Found a blossoming altar of Fedhas.
  6331 | D:6      | Reached skill level 8 in Necromancy
  6487 | D:6      | Reached skill level 5 in Fighting
  6653 | D:7      | Found Keqinu's Antique Weapon Shoppe.
  6678 | D:7      | Reached skill level 5 in Polearms
  6719 | D:7      | Bought a glowing spear for 174 gold pieces
  6864 | D:7      | Found an ancient bone altar of Kikubaaqudgha.
  6893 | D:7      | Became a worshipper of Kikubaaqudgha
  7146 | D:7      | Noticed 0gre's ghost (novice DsHu)
  7147 | D:7      | Found a transporter.
  7155 | D:7      | Found a transporter.
  7431 | D:7      | Found a sacrificial altar of Ru.
  7454 | D:8      | Reached skill level 9 in Necromancy
  7454 | D:8      | Gained mutation: You are mostly covered in rugged brown
                  | scales. (AC +2, +5% HP) [demonic ancestry]
  7454 | D:8      | Reached XP level 9. HP: 65/72 MP: 14/14
  7484 | D:8      | Learned a level 2 spell: Sublimation of Blood
  7490 | D:8      | Learned a level 5 spell: Curse of Agony
  7700 | D:8      | Found a staircase to the Lair.
  7745 | D:8      | Noticed a two-headed ogre
  7886 | D:8      | Found a shimmering altar of Xom.
  7891 | D:8      | Reached * piety under Kikubaaqudgha
  7891 | D:8      | Received a gift from Kikubaaqudgha
  8302 | D:8      | Found a runed translucent gate.
  8302 | D:8      | Found a runed translucent gate.
  8306 | D:8      | Noticed KSaturn's ghost (journeyman FoEE)
  8307 | D:8      | Noticed a nine-headed hydra
  8308 | D:8      | Found a runed translucent gate.
  8361 | D:8      | Noticed a troll
  8373 | D:8      | Killed a troll
  8374 | D:8      | Reached skill level 10 in Necromancy
  8474 | D:8      | Slain by a two-headed ogre

Illustrated notes

Levels and vault maps discovered:
D:1:      eino_arrival_cavern_a, layout_basic, minmay_misc_feat_rugged
D:2:      layout_basic, chequers_ecumenical_altar_simple, grunt_ministairs_4,
          cheibrodos_gnoll_hut
D:3:      minmay_spotlight, layout_basic, nicolae_overflow_crystal_walls,
          serial_shops, nicolae_shop_rolling_square, corexii_hall_statues_i,
          minmay_goblin_outpost, uniq_ijyb
D:4:      layout_basic
D:5:      layout_loops_cross, nemelex_xobeh_ov_fountains_minmay,
          minmay_temple_entry_waves
D:6:      layout_loops_cross, lemuel_doored_altar, grunt_decor_cap,
          minmay_ogre_servants
D:7:      layout_loops_ring, nicolae_ru_path_of_blood,
          kiku_gazebo_garden_becter, serial_shops, shop, gammafunk_ghost_smash
D:8:      layout_rooms, worldfamousw_hep_ancestral_shrine,
          mainiacjoe_overflow_paths, erik_lair_island,
          gammafunk_ghost_hydra_chop
Temple:   hellmonk_temple_forest_ring

Skill      XL: |  1  2  3  4  5  6  7  8  9 |
---------------+----------------------------+-----
Necromancy     | 5 6 7 9 10 | 10.0
Spellcasting   | 3 |  3.5
Fighting       | 1 3 4 6 7 |  7.3
Polearms       | 1 2 3 5 6 |  6.5
Dodging        | |  1.7
Stealth        | |  1.7

Action                     |  1- 3 |  4- 6 |  7- 9 || total
---------------------------+-------+-------+-------++-------
  Melee: Club              |     3 |       |       ||     3
         Unarmed           |     1 |       |       ||     1
         Dagger            |     4 |       |       ||     4
         Spear             |       |    19 |   130 ||   149
         Trident           |       |       |    52 ||    52
         Halberd           |       |       |     6 ||     6
   Cast: Necrotise         |    65 |   160 |    95 ||   320
         Vampiric Draining |       |       |    32 ||    32
         Animate Dead      |       |       |     8 ||     8
         Curse of Agony    |       |       |     2 ||     2
  Evoke: Wand              |       |       |     9 ||     9
    Use: Scroll            |       |     1 |       ||     1
   Stab: Sleeping          |       |       |     4 ||     4
         Distracted        |       |       |     1 ||     1
 Armour: Robe              |    18 |    39 |   118 ||   175
  Dodge: Dodged            |    25 |    23 |   115 ||   163

Table legend: (Time is in decaauts)
 A = Elapsed time spent in this place.
 B = Non-inter-level travel time spent in this place.
 C = Inter-level travel time spent in this place.
 D = Time resting spent in this place.
 E = Time spent auto-exploring this place.
 F = Levels seen in this place.
 G = Mean time per level.
                   A        B        C        D        E       F      G
               +--------+--------+--------+--------+--------+-----+--------+
         Total |   8500 |   8272 |    228 |    354 |   6360 |   9 |  944.4 |
       Dungeon |   8498 |   8270 |    228 |    354 |   6360 |   8 | 1062.2 |
        Temple |      1 |      1 |      0 |      0 |      0 |   1 |    1.0 |
               +--------+--------+--------+--------+--------+-----+--------+

Top non-repeatable levels by time:
     D:2: 1307 daAuts
     D:6: 1244 daAuts
     D:1: 1143 daAuts
     D:3: 1109 daAuts
     D:4: 962 daAuts
     D:7: 945 daAuts
     D:8: 927 daAuts
     D:5: 857 daAuts
  Temple: 1 daAuts
